 Dungeon Crawl Stone Soup version 0.29.0-4-gdea44cf6ec (webtiles) character file.

Game seed: 11133170701036754898

392 qw the Chopper (level 6, -4/35 HPs)
             Began as a Tengu Warper on Aug 28, 2022.
             Slain by Dowan
             ... wielding a +0 dagger
              (6 damage)
             ... on level 5 of the Dungeon.
             The game lasted 00:00:25 (4392 turns).

qw the Chopper (Tengu Warper)                       Turns: 4392, Time: 00:00:25

Health: -4/35      AC:  9    Str: 14    XL:     6   Next: 81%
Magic:  10/10      EV:  8    Int: 13    God:
Gold:   229        SH:  0    Dex: 13    Spells: 9/9 levels left

rFire   + . .      SeeInvis .   Y - +2 hand axe
rCold   . . .      Faith    .   (no shield)
rNeg    . . .      Spirit   .   c - +0 chain mail
rPois   +          Reflect  .   (helmet restricted)
rElec   .          Harm     .   (no cloak)
rCorr   .          Rampage  .   (no gloves)
Will    .....                   (boots unavailable)
Stlth   ..........              (no amulet)
HPRegen 0.11/turn               e - ring of poison resistance
MPRegen 0.12/turn               a - ring of protection from fire

@: flying quickly and evasively, quick
A: beak, talons 3, nimble flight
a: no special abilities


You were on level 5 of the Dungeon.
You visited 1 branch of the dungeon, and saw 5 of its levels.

You collected 229 gold pieces.


Innate Abilities, Weirdness & Mutations

You have a beak for a mouth.
You have claws for feet.
Your magical nature lets you fly swiftly and evasively.


   Skills:
 + Level 2.0 Fighting
 - Level 7.1 Axes
 - Level 1.0 Throwing
 - Level 3.1 Armour
 - Level 2.1 Dodging
 - Level 2.0 Spellcasting
 - Level 2.4 Translocations


You had 9 spell levels left.
You didn't know any spells.
Your spell library contained the following spells:

 Spells                   Type           Power      Damage    Failure   Level
 Blink                    Tloc           14%        N/A       98%         2
 Gell's Gravitas          Tloc           7%         N/A       100%        3
 Lesser Beckoning         Tloc           7%         N/A       100%        3
 Teleport Other           Tloc           7%         N/A       100%        3
 Manifold Assault         Tloc           7%         N/A       100%        5

Inventory:

Hand Weapons
 b - a +0 flail
 Y - a +2 hand axe (weapon)
Armour
 c - a +0 chain mail (worn)
Jewellery
 a - a ring of protection from fire (right hand)
 e - a ring of poison resistance (left hand)
Scrolls
 f - a scroll of identify
Potions
 d - a potion of brilliance {unknown}
 g - a potion of mutation
 h - a potion of lignification {unknown}
 j - a potion of curing

Dungeon Overview and Level Annotations

Branches:
Dungeon (5/15)
 Temple: D:4-7

Altars:
Cheibriados
Xom

Annotations:
D:2 1 runed translucent door, Crazy Yiuf
D:5 Dowan


Message History

Your peck misses Duvessa.
Duvessa is almost dead.
You feel very sick. Duvessa hits you but does no damage.
4384 ||| DRINKING potion of heal wounds.
You feel much better.
You feel very sick. Duvessa barely misses you.
You hit Duvessa. Your kick misses Duvessa. You peck Duvessa.
Duvessa is almost dead.
You feel sick. Duvessa completely misses you.
You slash Duvessa!
You kill Duvessa!
Dowan seems overcome with grief.
Dowan seems to find hidden reserves of power!
You feel sick.
Dowan mumbles some strange words.
Dowan blinks!
Your Axes skill increases to level 7!
You start resting.
You feel sick. x2
Dowan is nearby!
You hit Dowan. Your kick misses Dowan.
Dowan is lightly wounded.
You feel sick. Dowan hits you but does no damage.
You hit Dowan. Your kick misses Dowan. Your peck misses Dowan.
Dowan is moderately wounded.
You feel sick. Dowan hits you with a +0 dagger.
Dowan hits you but does no damage.
You hit Dowan. You claw Dowan, but do no damage.
Dowan is heavily wounded.
You feel sick.
Dowan points at you and mumbles some strange words.
The shard of ice hits you!
You hit Dowan. Your kick misses Dowan.
Dowan is severely wounded.
You feel sick.
You are no longer poisoned.
Dowan hits you with a +0 dagger.
You die...

#######
#..<..#
#@###.#
#e# #.#
..e.....#
#.#
#########
#.# #.#
#.# ..#
###


You could see Dowan (fast).

Vanquished Creatures
  Duvessa (D:5)
  2 necrophages (D:4)
  A hound (D:4)
  A mummy (D:3)
  3 adders
  An ufetubus (D:4)
  2 dart slugs (D:3)
  2 orcs
  5 bats
  7 endoplasms
  7 giant cockroaches
  10 goblins
  9 hobgoblins
  3 jackals (D:3)
  4 quokkas
  5 ball pythons
  5 frilled lizards
  7 kobolds
  7 rats
82 creatures vanquished.

Notes
Turn   | Place    | Note
-------+----------+-------------------------------------------
     0 | D:1      | qw the Tengu Warper began the quest for the Orb.
     0 | D:1      | Reached XP level 1. HP: 12/12 MP: 4/4
     0 | D:1      | 0 ||| qw: Version: 0.1-a-89-g26bdef1
     0 | D:1      | 0 ||| qw: Game counter: 2172
     0 | D:1      | 0 ||| qw: Always use a shield: true
     0 | D:1      | 0 ||| qw: God list: Okawaru
     0 | D:1      | 0 ||| qw: Allow faded altars: false
     0 | D:1      | 0 ||| qw: Do Orc after D:15 true
     0 | D:1      | 0 ||| qw: Do second Lair branch before Depths: true
     0 | D:1      | 0 ||| qw: Lair rune preference: random
     0 | D:1      | 0 ||| qw: Plans: Normal
     0 | D:1      | 0 ||| PLANNING D:1-11
   250 | D:1      | Reached XP level 2. HP: 17/17 MP: 6/6
   254 | D:1      | Reached skill level 3 in Axes
  1074 | D:1      | Reached XP level 3. HP: 21/21 MP: 7/7
  1295 | D:1      | Found a faded altar of an unknown god.
  1476 | D:1      | 1476 ||| UPGRADING to +0 ring mail.
  1486 | D:1      | 1486 ||| DROPPING +0 leather armour.
  1487 | D:1      | 1487 ||| READING scroll labelled SOIKKUIGYF.
  1488 | D:1      | 1488 ||| READING 2 scrolls labelled DERYMEPPYSS.
  1489 | D:1      | 1489 ||| READING scroll labelled MESMICSERI.
  1490 | D:1      | 1490 ||| DROPPING scroll of blinking.
  1547 | D:2      | 1547 ||| DROPPING +0 whip.
  1626 | D:2      | Reached skill level 4 in Axes
  1686 | D:2      | Found a shimmering altar of Xom.
  1705 | D:2      | 1705 ||| DROPPING +0 whip of draining.
  1726 | D:2      | 1726 ||| Stepping ~*~*~tactically~*~*~ (stealth).
  1728 | D:2      | 1728 ||| Stepping ~*~*~tactically~*~*~ (stealth).
  1760 | D:2      | 1760 ||| UPGRADING to +0 chain mail.
  1859 | D:2      | 1859 ||| DROPPING +0 ring mail.
  2024 | D:2      | Found a runed translucent door.
  2025 | D:2      | Noticed Crazy Yiuf
  2166 | D:2      | 2166 ||| READING scroll labelled HAREH QUECW.
  2167 | D:2      | 2167 ||| READING scroll labelled JAPROUGIODO.
  2218 | D:2      | 2218 ||| READING 2 scrolls labelled ULYHYG BICVEEV.
  2219 | D:2      | 2219 ||| DRINKING 2 fuming red potions.
  2220 | D:2      | 2220 ||| DRINKING 2 orange potions.
  2221 | D:2      | 2221 ||| READING 2 scrolls of identify.
  2221 | D:2      | 2221 ||| IDENTIFYING blue potion
  2222 | D:2      | 2222 ||| DROPPING scroll of magic mapping.
  2269 | D:3      | 2269 ||| Stepping ~*~*~tactically~*~*~ (stealth).
  2273 | D:3      | 2273 ||| Stepping ~*~*~tactically~*~*~ (stealth).
  2274 | D:3      | 2274 ||| Stepping ~*~*~tactically~*~*~ (stealth).
  2282 | D:3      | Reached XP level 4. HP: 26/26 MP: 8/8
  2295 | D:3      | 2295 ||| Stepping ~*~*~tactically~*~*~ (stealth).
  2684 | D:3      | Reached skill level 5 in Axes
  2705 | D:3      | 2705 ||| Stepping ~*~*~tactically~*~*~ (stealth).
  2706 | D:3      | 2706 ||| Stepping ~*~*~tactically~*~*~ (stealth).
  2710 | D:3      | 2710 ||| Stepping ~*~*~tactically~*~*~ (stealth).
  2991 | D:3      | Found a snail-covered altar of Cheibriados.
  2992 | D:3      | 2992 ||| UPGRADING to ring of poison resistance.
  2993 | D:3      | 2993 ||| READING 2 scrolls labelled WOXALOTT CAECH.
  2994 | D:3      | 2994 ||| READING scroll of enchant weapon.
  2994 | D:3      | 2994 ||| ENCHANTING +1 hand axe.
  2995 | D:3      | 2995 ||| READING scroll labelled ZUAGUD YFAUNTYOFF.
  3082 | D:3      | 3082 ||| READING scroll labelled ZOUFFA QEANO.
  3083 | D:3      | 3083 ||| READING scroll labelled TESCHE WEIGY.
  3220 | D:4      | Noticed a necrophage
  3232 | D:4      | Killed a necrophage
  3233 | D:4      | Reached skill level 6 in Axes
  3233 | D:4      | Gained mutation: Your magical nature lets you fly swiftly
                  | and evasively. [Tengu growth]
  3233 | D:4      | Reached XP level 5. HP: 26/30 MP: 9/9
  3233 | D:4      | 3233 ||| STAIRDANCE
  3371 | D:4      | 3371 ||| Stepping ~*~*~tactically~*~*~ (stealth).
  3374 | D:4      | 3374 ||| Stepping ~*~*~tactically~*~*~ (stealth).
  3375 | D:4      | 3375 ||| Stepping ~*~*~tactically~*~*~ (stealth).
  3486 | D:4      | Reached skill level 3 in Armour
  3486 | D:4      | Reached XP level 6. HP: 26/35 MP: 10/10
  3578 | D:4      | 3578 ||| Stepping ~*~*~tactically~*~*~ (stealth).
  3621 | D:4      | 3621 ||| Stepping ~*~*~tactically~*~*~ (stealth).
  3714 | D:4      | 3714 ||| Stepping ~*~*~tactically~*~*~ (stealth).
  3717 | D:4      | 3717 ||| Stepping ~*~*~tactically~*~*~ (stealth).
  3720 | D:4      | 3720 ||| Stepping ~*~*~tactically~*~*~ (stealth).
  3737 | D:4      | 3737 ||| Stepping ~*~*~tactically~*~*~ (stealth).
  4265 | D:4      | 4265 ||| UPGRADING to ring of protection from fire.
  4314 | D:4      | 4314 ||| READING scroll of teleportation.
  4315 | D:4      | 4315 ||| STAIRDANCE
  4357 | D:5      | Entered Level 5 of the Dungeon
  4366 | D:5      | Noticed Duvessa
  4372 | D:5      | Noticed Dowan
  4373 | D:5      | 4373 ||| Stepping ~*~*~tactically~*~*~ (hiding).
  4383 | D:5      | HP: 8/35 [poisoned by Duvessa]
  4384 | D:5      | 4384 ||| DRINKING potion of heal wounds.
  4386 | D:5      | Killed Duvessa
  4387 | D:5      | Reached skill level 7 in Axes
  4391 | D:5      | HP: 3/35 [Dowan/shard of ice (16)]
  4392 | D:5      | Slain by Dowan

Levels and vault maps discovered:
D:1:      tarquinn_simple_flora_water_d, layout_basic,
          shapermc_ecumenical_altar_notcrosses, minmay_surrounded
D:2:      layout_rooms, basic_altar, serial_glass, glass_columns_b,
          glass_columns_a, glass_columns_c, glass_columns_a,
          uniq_crazy_yiuf_cottage
D:3:      layout_rooms, chei_slow_surprise, minmay_ruptured
D:4:      layout_loops_ring, minmay_temple_entry_from_below_a,
          minmay_close_crescents
D:5:      layout_basic, uniq_duvessa, uniq_prince_ribbit1

Skill      XL: |  1  2  3  4  5  6 |
---------------+-------------------+-----
Axes           | 3 4 6 7 |  7.1
Armour         | 3 |  3.1
Fighting       | |  2.0
Throwing       | |  1.0
Dodging        | |  2.1
Spellcasting   | |  2.0
Translocations | |  2.4

Action                   |  1- 3 |  4- 6 || total
-------------------------+-------+-------++-------
Melee: Hand axe          |    96 |   131 ||   227
       Kick              |    23 |    37 ||    60
       Peck              |     8 |    15 ||    23
       Punch             |     1 |     1 ||     2
Throw: Boomerang         |     7 |       ||     7
  Use: Scroll            |     7 |     6 ||    13
       Potion            |     2 |     1 ||     3
Armor: Leather armour    |    19 |       ||    19
       Ring mail         |     7 |       ||     7
       Chain mail        |     5 |    52 ||    57
Dodge: Dodged            |    46 |    33 ||    79

Table legend:
 A = Non-vault XP
 B = Vault XP
 C = Vault XP percentage of total XP
 D = Non-vault monster count
 E = Vault monster count
 F = Vault count percentage of total count
                 A         B        C        D         E       F
            +---------+---------+-------+---------+---------+-------
      Total |     279 |     282 |  50.3 |      65 |      17 |  20.7
            +---------+---------+-------+---------+---------+-------
        D:1 |      33 |       6 |  15.4 |      20 |       5 |  20.0
        D:2 |      36 |       0 |   0.0 |      16 |       0 |   0.0
        D:3 |      43 |      28 |  39.4 |      16 |       6 |  27.3
        D:4 |     167 |     103 |  38.1 |      13 |       5 |  27.8
        D:5 |       0 |     145 | 100.0 |       0 |       1 | 100.0
            +---------+---------+-------+---------+---------+-------
